 Dungeon Crawl Stone Soup version 0.24-a0-441-g27f0392e16 (webtiles) character file.

Game seed: 2798367748657957017

60 mhoghedin the Conjurer (level 4, -3/24 HPs)
             Began as a Kobold Conjurer on June 20, 2019.
             Killed from afar by Natasha (6 damage)
             ... with a magic dart
             ... on level 2 of the Dungeon.
             The game lasted 00:04:24 (1836 turns).

mhoghedin the Conjurer (Kobold Conjurer)            Turns: 1836, Time: 00:04:25

Health: -3/24      AC:  4    Str:  5    XL:     4   Next: 25%
Magic:  0/8        EV: 16    Int: 17    God:
Gold:   30         SH:  0    Dex: 15    Spells: 3/9 levels left

rFire    . . .     SeeInvis .   b - +0 dagger
rCold    . . .     Gourm    .   (shield restricted)
rNeg     . . .     Faith    .   f - +1 leather armour {rPois}
rPois    +         Spirit   .   (no helmet)
rElec    .         Reflect  .   (no cloak)
rCorr    .         Harm     .   (no gloves)
MR       .....                  (no boots)
Stlth    ++........             (no amulet)
HPRegen  0.08/turn              e - +2 ring of evasion
MPRegen  0.11/turn              (no ring)

@: very slightly contaminated, slowed, very slow
A: small, carnivore
a: no special abilities


You were on level 2 of the Dungeon.
You were completely stuffed.

You visited 1 branch of the dungeon, and saw 2 of its levels.

You collected 30 gold pieces.

Inventory:

Hand Weapons
 b - a +0 dagger (weapon)
   (You took it off a kobold on level 1 of the Dungeon)
Armour
 f - a +1 leather armour of poison resistance (worn)
   (You took it off a hobgoblin on level 1 of the Dungeon)
Jewellery
 e - a +2 ring of evasion (left hand)
   (You found it on level 1 of the Dungeon)
Scrolls
 d - a scroll of noise {!r}
Comestibles
 c - 4 rations


   Skills:
 - Level 2.4 Dodging
 - Level 2.6 Stealth
 - Level 3.0 Spellcasting
 + Level 4.8 Conjurations
 + Level 1.3 Hexes


You had 3 spell levels left.
You knew the following spells:

 Your Spells              Type           Power        Failure   Level  Hunger
a - Magic Dart            Conj           ###.         4%          1    None
b - Searing Ray           Conj           ###...       6%          2    ##.....
c - Dazzling Spray        Conj/Hex       ##....       26%         3    ###....

Your spell library contained the following spells:

 Spells                   Type           Power        Failure   Level  Hunger
 Iskenderun's Mystic Bla  Conj           ###.....     38%         4    ####...
 Fulminant Prism          Conj/Hex       ##........   63%         4    ####...
 Force Lance              Conj/Tloc      ##......     73%         4    ####...


Dungeon Overview and Level Annotations

Branches:
Dungeon (2/15)

Altars:

Annotations:
D:1 1 exclusion
D:2 Natasha


Innate Abilities, Weirdness & Mutations

You are small and have problems with some larger weapons.
You are carnivorous and can eat meat at any time.


Message History

h - 3 chunks of flesh {@w0}
Things that are here:
a +0 club; a hobgoblin skeleton; a rat corpse You butcher the rat corpse.
h - 4 chunks of flesh {@w0} (gained 1)
Things that are here:
a +0 club; a hobgoblin skeleton; a rat skeleton You start resting.
Eating one of 4 chunks of flesh {@w0}.
You eat one of the 4 chunks of flesh {@w0}.
This raw flesh tastes great.
Eating one of 3 chunks of flesh {@w0}.
You eat one of the 3 chunks of flesh {@w0}.
This raw flesh tastes great.
Eating one of 2 chunks of flesh {@w0}.
You eat one of the 2 chunks of flesh {@w0}.
This raw flesh tastes great.
Eating a chunk of flesh {@w0}.
You eat the chunk of flesh {@w0}.
This raw flesh tastes great.
MP restored: 8 A frilled lizard and a rat come into view.
There are monsters nearby!
There are monsters nearby!
The frilled lizard hisses angrily.
The frilled lizard bites you but does no damage.
Okay, then.
Unknown command.
Aim: a frilled lizard The spray of energy hits the frilled lizard.
You kill the frilled lizard!
The spray of energy hits the rat!
You kill the rat!
You now have 5/8 mp.
You see here a frilled lizard corpse.
You butcher the frilled lizard corpse.
h - a chunk of flesh {@w0} You see here a frilled lizard skeleton.
You start resting.
Eating a chunk of flesh {@w0}.
You eat the chunk of flesh {@w0}.
This raw flesh tastes great.
MP restored: 8
Found a stone staircase leading up.
There is a stone staircase leading up here.
There is a stone staircase leading up here.
You see here 5 javelins.
You see here 24 bolts.
Natasha, Servant of Life and Death comes into view.
She is carrying a wand of flame (16).
Aim: Natasha, carrying a wand of flame (16)
You miscast Dazzling Spray.
You are very lightly contaminated with residual magic.
You feel a bit tired. Natasha casts a spell at you.
You feel yourself slow down.
You now have 5/8 mp.
Unknown command.
Natasha stares at you and mumbles some strange words.
The magic dart hits you.
You take 6 damage, and have 18/24 hp.
MASSIVE DAMAGE!!
Natasha zaps a wand.
The puff of flame hits you.
Natasha zaps a wand.
The puff of flame hits you!
* * * LOW HITPOINT WARNING * * *
You take 15 damage, and have 3/24 hp.
MASSIVE DAMAGE!!
It was a potion of curing.
You feel better.
You regained 10 hp, and now have 13/24 hp.
Aim: Natasha, carrying a wand of flame (14)
You miscast Dazzling Spray.
You hear an indistinct dissonance whispering inside your mind.
Natasha zaps a wand.
The puff of flame hits you.
You take 3 damage, and have 10/24 hp.
You now have 2/8 mp.
As you read the scroll labeled QIRCHUYCUNA, it crumbles to dust.
You hear a loud clanging noise!
It was a scroll of noise.
Natasha stares at you and mumbles some strange words.
You feel as though you will be slow longer.
Natasha claws you.
* * * LOW HITPOINT WARNING * * *
You take 3 damage, and have 7/24 hp.
Unknown command.
As you read the scroll labeled IPSUPTAOWA, it crumbles to dust.
It is a scroll of identify.
You don't have any unidentified items.
Natasha mumbles some strange words.
Natasha casts a spell at you. The magic dart hits you.
* * * LOW HITPOINT WARNING * * *
You take 4 damage, and have 3/24 hp.
Unknown command.
Aim: Natasha, carrying a wand of flame (13)
The searing ray hits Natasha. (Press . to maintain the ray.) Natasha misses you.
Natasha barely misses you.
You now have 1/8 mp.
The searing ray hits Natasha.
Natasha stares at you and mumbles some strange words.
The magic dart hits you.
You die...

#.# ### #. #.# #. #.# #.
#.### #.### #...# #...#
###.## # ##.#.# #..## ##
####....##########...####.
+......5h@...(..........†.
####....##########...####.
##.### ##..# ## #. ##.# #
#. #.# #. #.# #. #.# #.
#.##### #.....#


You could see Natasha and a crimson imp.

Vanquished Creatures
  An adder (D:2)
  A dart slug (D:1)
  A leopard gecko (D:1)
  2 giant cockroaches (D:1)
  2 goblins (D:1)
  5 hobgoblins
  9 jackals (D:1)
  6 kobolds
  6 bats
  6 frilled lizards
  5 rats
44 creatures vanquished.

Notes
Turn   | Place    | Note
-------+----------+-------------------------------------------
     0 | D:1      | mhoghedin the Kobold Conjurer began the quest for the Orb.
     0 | D:1      | Reached XP level 1. HP: 10/10 MP: 3/3
   218 | D:1      | Reached XP level 2. HP: 15/15 MP: 0/5
   350 | D:1      | Learned a level 2 spell: Searing Ray
   717 | D:1      | Reached XP level 3. HP: 19/19 MP: 5/7
   801 | D:1      | Reached skill level 3 in Spellcasting
   873 | D:1      | Learned a level 3 spell: Dazzling Spray
  1376 | D:2      | Reached skill level 1 in Hexes
  1376 | D:2      | Reached XP level 4. HP: 24/24 MP: 3/8
  1825 | D:2      | Noticed Natasha
  1829 | D:2      | HP: 3/24 [Natasha/puff of flame (9)]
  1834 | D:2      | HP: 3/24 [Natasha/magic dart (4)]
  1836 | D:2      | Killed from afar by Natasha

Levels and vault maps discovered:
D:1:      minmay_arrival_split_and_join, layout_loops_ring, kennysheep_doodads,
          feat_on_display
D:2:      layout_loops_corners, grunt_gozag_breadcrumbs, minmay_pentomino_u2,
          uniq_natasha, uniq_jessica, uniq_crazy_yiuf_cottage

Skill      XL: |  1  2  3 |
---------------+----------+-----
Spellcasting   | 3 |  3.0
Hexes          | 1 |  1.3
Dodging        | |  2.4
Stealth        | |  2.6
Conjurations   | |  4.8

Action                   |  1- 3 |  4- 6 || total
-------------------------+-------+-------++-------
Melee: Unarmed           |    25 |       ||    25
       Dagger            |     6 |       ||     6
 Cast: Magic Dart        |    48 |     5 ||    53
       Searing Ray       |     5 |     3 ||     8
       Dazzling Spray    |       |     1 ||     1
  Use: Potion            |     1 |     1 ||     2
       Scroll            |       |     2 ||     2
  Eat: Chunk             |     7 |     5 ||    12
Armor: Robe              |     9 |       ||     9
       Leather armour    |       |     1 ||     1
Dodge: Dodged            |    51 |     6 ||    57

Table legend:
 A = Non-vault XP
 B = Vault XP
 C = Vault XP percentage of total XP
 D = Non-vault monster count
 E = Vault monster count
 F = Vault count percentage of total count
                 A         B        C        D         E       F
            +---------+---------+-------+---------+---------+-------
      Total |      85 |       2 |   2.3 |      42 |       2 |   4.5
            +---------+---------+-------+---------+---------+-------
        D:1 |      62 |       0 |   0.0 |      35 |       0 |   0.0
        D:2 |      23 |       2 |   8.0 |       7 |       2 |  22.2
            +---------+---------+-------+---------+---------+-------

Levels and vault maps discovered:
D:1:      minmay_arrival_split_and_join, layout_loops_ring, kennysheep_doodads,
          feat_on_display
D:2:      layout_loops_corners, grunt_gozag_breadcrumbs, minmay_pentomino_u2,
          uniq_natasha, uniq_jessica, uniq_crazy_yiuf_cottage

Table legend:
 A = Turns spent in this place as a percentage of turns spent in the entire game.
 B = Non-inter-level travel turns spent in this place as a percentage of non-inter-level travel turns spent in the entire game.
 C = Inter-level travel turns spent in this place as a percentage of turns spent in this place.
 D = Turns resting spent in this place as a percentage of non-inter-level travel turns spent in this place.
 E = Turns spent auto-exploring this place as a percentage of non-inter-level travel turns spent in this place.
 F = Non-inter-level travel turns spent in this place divided by the number of levels of this place that you've seen.
                   A       B       C       D       E      F
               +-------+-------+-------+-------+-------+----------------------
         Total | 100.0 | 100.0 |   0.8 |  34.3 |  43.7 | 910.5
       Dungeon | 100.0 | 100.0 |   0.8 |  34.3 |  43.7 | 910.5
               +-------+-------+-------+-------+-------+----------------------

Table legend:
 A = Kills in this place as a percentage of kills in entire the game.
 B = Kills by you in this place as a percentage of kills by you in the entire game.
 C = Kills by friends in this place as a percentage of kills by friends in the entire game.
 D = Other kills in this place as a percentage of other kills in the entire game.
 E = Experience gained in this place as a percentage of experience gained in the entire game.
 F = Experience gained in this place divided by the number of levels of this place that you have seen.
                   A       B       C       D       E      F
               +-------+-------+-------+-------+-------+----------------------
         Total | 100.0 | 100.0 |   N/A |   N/A | 100.0 |  43.5
       Dungeon | 100.0 | 100.0 |   N/A |   N/A | 100.0 |  43.5
               +-------+-------+-------+-------+-------+----------------------
